 Dungeon Crawl Stone Soup version 0.19.0-19-g8c6edcc (webtiles) character file.

382 tboon the Shield-Bearer (level 7, 0/55 HPs)
             Began as a Formicid Fighter on Nov 14, 2016.
             Slain by TechNoir's ghost (1 damage)
             ... on level 4 of the Dungeon.
             The game lasted 00:08:55 (2703 turns).

tboon the Shield-Bearer (Formicid Fighter)          Turns: 2703, Time: 00:08:56

Health: 0/55       AC: 13    Str: 21    XL:     7   Next: 5%
Magic:  16/16      EV:  6    Int:  7    God:
Gold:   133        SH: 10    Dex: 12    Spells: 0 memorised, 6 levels left

rFire  . . .     SeeInvis +     a - +0 war axe
rCold  . . .     Gourm    .     m - +0 chain mail
rNeg   . . .     Faith    .     c - +0 shield
rPois  .         Spirit   .     (helmet unavailable)
rElec  .         Reflect  .     e - +0 cloak
rCorr  .         Harm     .     (no gloves)
MR     .....                    w - +1 pair of boots
Stlth  ..........               (no amulet)
                                (no ring)
                                v - ring of magical power {MP+9}

@: no status effects
A: permanent stasis, dig shafts and tunnels, four strong arms, antennae 3
a: Dig, Shaft Self


You were on level 4 of the Dungeon.
You were hungry.

You visited 1 branch of the dungeon, and saw 4 of its levels.

You collected 133 gold pieces.

Inventory:

Hand Weapons
 a - a +0 war axe (weapon)
Armour
 c - a +0 shield (worn)
 e - a +0 cloak (worn)
   (You found it on level 1 of the Dungeon)
 m - a +0 chain mail (worn)
   (You found it on level 1 of the Dungeon)
 w - a +1 pair of boots (worn)
   (You found it on level 3 of the Dungeon)
Jewellery
 v - a ring of magical power (left hand) {MP+9}
   (You found it on level 3 of the Dungeon)
Scrolls
 h - a scroll of enchant armour
 n - a scroll of fear
 o - a scroll of remove curse {unknown}
 u - a scroll of amnesia {unknown}
Potions
 d - a potion of degeneration {unknown}
 p - a potion of magic {unknown}
 t - a potion of mutation {unknown}
Comestibles
 f - 3 bread rations
 l - a slice of pizza


   Skills:
 + Level 4.8 Fighting
 + Level 3.9 Axes
 + Level 5.0 Armour
 + Level 5.3 Shields


You had 6 spell levels left.
You didn't know any spells.

Dungeon Overview and Level Annotations

Branches:
Dungeon (4/15)
 Temple: D:4-7

Altars:

Shops:
D:4 !

Annotations:
D:4 TechNoir's ghost, novice FoFi


Innate Abilities, Weirdness & Mutations

You are under a permanent stasis effect.
You can dig through walls and to a lower floor.
Your four strong arms can wield two-handed weapons with a shield.
You have a pair of large antennae on your head. (SInv)


Message History

The leopard gecko is moderately wounded.
You block the leopard gecko's attack. x2
You slash the leopard gecko!
You kill the leopard gecko!
The adder bites you but does no damage.
You closely miss the adder. You block the adder's attack.
The adder bites you but does no damage.
You miss the adder. You block the adder's attack.
You closely miss the adder. The adder bites you but does no damage.
You block the adder's attack.
You hit the adder.
The adder is heavily wounded.
The adder barely misses you. The adder bites you.
You slash the adder!
You kill the adder!
You block TechNoir's ghost's attack.
You hit TechNoir's ghost but do no damage.
TechNoir's ghost is lightly damaged.
You block TechNoir's ghost's attack.
Your shield and chain mail prevent you from hitting TechNoir's ghost.
TechNoir's ghost is lightly damaged.
You block TechNoir's ghost's attack.
You hit TechNoir's ghost but do no damage.
TechNoir's ghost is lightly damaged.
You block TechNoir's ghost's attack.
TechNoir's ghost hits you but does no damage.
You hit TechNoir's ghost but do no damage.
TechNoir's ghost is lightly damaged.
TechNoir's ghost hits you!
You hit TechNoir's ghost.
TechNoir's ghost is moderately damaged.
TechNoir's ghost barely misses you.
You hit TechNoir's ghost but do no damage.
TechNoir's ghost is moderately damaged.
TechNoir's ghost hits you. TechNoir's ghost hits you!
Okay, then.
Okay, then.
You feel much better. TechNoir's ghost barely misses you.
You hit TechNoir's ghost.
TechNoir's ghost is moderately damaged.
TechNoir's ghost hits you but does no damage.
You hit TechNoir's ghost but do no damage.
TechNoir's ghost is moderately damaged.
TechNoir's ghost keens inconsolably.
You block TechNoir's ghost's attack.
You slash TechNoir's ghost!
TechNoir's ghost is heavily damaged.
TechNoir's ghost barely misses you.
TechNoir's ghost hits you but does no damage.
You completely miss TechNoir's ghost.
TechNoir's ghost is heavily damaged.
You block TechNoir's ghost's attack.
You hit TechNoir's ghost.
TechNoir's ghost is heavily damaged.
TechNoir's ghost hits you but does no damage.
TechNoir's ghost hits you!
You slash TechNoir's ghost!
TechNoir's ghost is severely damaged.
TechNoir's ghost hits you.
You barely miss TechNoir's ghost.
TechNoir's ghost is severely damaged.
TechNoir's ghost closely misses you.
You completely miss TechNoir's ghost.
TechNoir's ghost is severely damaged.
TechNoir's ghost hits you but does no damage.
TechNoir's ghost hits you!
You completely miss TechNoir's ghost.
TechNoir's ghost is severely damaged.
TechNoir's ghost says, "What do you have that I didn't have?"
TechNoir's ghost hits you.
You slash TechNoir's ghost!
TechNoir's ghost is almost destroyed.
TechNoir's ghost hits you!
* * * LOW HITPOINT WARNING * * *
x2 You feel better.
TechNoir's ghost hits you but does no damage.
Your chain mail prevents you from hitting TechNoir's ghost.
TechNoir's ghost is almost destroyed.
You are feeling hungry.
TechNoir's ghost whispers, "Death doesn't hurt.
What you feel is life." TechNoir's ghost hits you.
* * * LOW HITPOINT WARNING * * *
x2 You block TechNoir's ghost's attack.
You feel better. TechNoir's ghost completely misses you.
You hit TechNoir's ghost but do no damage.
TechNoir's ghost is almost destroyed.
TechNoir's ghost closely misses you.
You hit TechNoir's ghost but do no damage.
TechNoir's ghost is almost destroyed.
TechNoir's ghost barely misses you.
You hit TechNoir's ghost.
TechNoir's ghost is almost destroyed.
TechNoir's ghost hits you!
* * * LOW HITPOINT WARNING * * *
x2 TechNoir's ghost hits you but does no damage.
Okay, then.
Your chain mail prevents you from hitting TechNoir's ghost.
TechNoir's ghost is almost destroyed.
TechNoir's ghost hits you.
You die...

..........
..........
.........# #
.........###>#
..∩..........### ##
................ .
?............... .
#....†W###..... .#
#######@......####.#
#.##.#.......
#.##.#.....#
#.##.....<.# {
#..........#
#..###....#### #..#
#.......#
##.###..####.#
#......# ..


You could see TechNoir's ghost.

Vanquished Creatures
  The ghost of Ganima the Cutter, an amateur HOWn (D:3)
  An orc priest (D:3)
  An orc wizard (D:3)
  Robin (D:3)
  7 adders
  2 adder skeletons (D:2)
  3 worms (D:2)
  3 dart slugs
  2 leopard geckos
  4 orcs (D:3)
  A bat skeleton (D:2)
  2 giant cockroaches
  22 goblins
  10 hobgoblins
  2 jackals (D:3)
  A quokka (D:3)
  A ball python (D:3)
  8 bats
  4 frilled lizards
  2 jackal skeletons (D:2)
  12 kobolds
  A leopard gecko zombie (D:2)
  9 rats
100 creatures vanquished.

Notes
Turn   | Place    | Note
-------+----------+-------------------------------------------
     0 | D:1      | tboon the Formicid Fighter began the quest for the Orb.
     0 | D:1      | Reached XP level 1. HP: 18/18 MP: 1/1
    63 | D:1      | Reached XP level 2. HP: 14/24 MP: 2/2
   719 | D:1      | Reached XP level 3. HP: 29/29 MP: 3/3
   906 | D:2      | Reached skill level 4 in Shields
  1103 | D:2      | Reached XP level 4. HP: 33/37 MP: 4/4
  1171 | D:2      | Reached skill level 4 in Armour
  1581 | D:2      | Reached skill level 3 in Axes
  1633 | D:2      | Reached XP level 5. HP: 42/42 MP: 5/5
  1649 | D:2      | Reached skill level 4 in Fighting
  1818 | D:3      | Noticed Ganima's ghost (amateur HOWn)
  1830 | D:3      | Killed Ganima's ghost
  1830 | D:3      | Reached XP level 6. HP: 28/49 MP: 6/6
  1987 | D:3      | Noticed Robin
  1990 | D:3      | Reached skill level 5 in Shields
  1998 | D:3      | Killed Robin
  2087 | D:3      | Reached skill level 5 in Armour
  2416 | D:3      | Reached XP level 7. HP: 48/55 MP: 7/7
  2665 | D:4      | Found Tust's Distillery.
  2666 | D:4      | Noticed TechNoir's ghost (novice FoFi)
  2696 | D:4      | HP: 7/55 [TechNoir's ghost (12)]
  2696 | D:4      | HP: 3/55 [TechNoir's ghost (4)]
  2702 | D:4      | HP: 5/55 [TechNoir's ghost (12)]
  2702 | D:4      | HP: 1/55 [TechNoir's ghost (4)]
  2703 | D:4      | Slain by TechNoir's ghost

Skill      XL: |  1  2  3  4  5  6 |
---------------+-------------------+-----
Shields        | 4 5 |  5.3
Armour         | 4 5 |  5.0
Axes           | 3 |  3.9
Fighting       | 4 |  4.8

Action                   |  1- 3 |  4- 6 |  7- 9 || total
-------------------------+-------+-------+-------++-------
Melee: War axe           |    96 |   169 |    47 ||   312
  Use: Potion            |       |     2 |     3 ||     5
       Scroll            |       |       |     7 ||     7
  Eat: Chunk             |     1 |     4 |     1 ||     6
Armor: Scale mail        |    19 |       |       ||    19
       Chain mail        |    35 |   103 |    15 ||   153
Dodge: Dodged            |    32 |    43 |    17 ||    92
Block: Shield            |    40 |    90 |    26 ||   156

Vault maps used:
D:1:      sevenhm_arrival_forest_fort_small_3
D:2:      minmay_diamond_boxcup, serial_undead, serial_undead_d,
          serial_undead_f, serial_undead_f, serial_undead_c, serial_undead_f
D:3:      kennysheep_the_goblin_king, first_bread, serial_corexii_hall,
          corexii_hall_statues_i, corexii_hall_statues_i, grunt_ministairs_15,
          uniq_robin
D:4:      serial_shops, nicolae_shop_statue_plus, shop, shop, shop,
          nicolae_shop_temple_entry_statues_fountains

Table legend:
 A = Turns spent in this place as a percentage of turns spent in the entire game.
 B = Non-inter-level travel turns spent in this place as a percentage of non-inter-level travel turns spent in the entire game.
 C = Inter-level travel turns spent in this place as a percentage of turns spent in this place.
 D = Turns resting spent in this place as a percentage of non-inter-level travel turns spent in this place.
 E = Turns spent auto-exploring this place as a percentage of non-inter-level travel turns spent in this place.
 F = Non-inter-level travel turns spent in this place divided by the number of levels of this place that you've seen.
                   A       B       C       D       E      F
               +-------+-------+-------+-------+-------+----------------------
         Total | 100.0 | 100.0 |   0.4 |   3.0 |  14.3 | 176.2
       Dungeon | 100.0 | 100.0 |   0.4 |   3.0 |  14.3 | 176.2
               +-------+-------+-------+-------+-------+----------------------

Table legend:
 A = Kills in this place as a percentage of kills in entire the game.
 B = Kills by you in this place as a percentage of kills by you in the entire game.
 C = Kills by friends in this place as a percentage of kills by friends in the entire game.
 D = Other kills in this place as a percentage of other kills in the entire game.
 E = Experience gained in this place as a percentage of experience gained in the entire game.
 F = Experience gained in this place divided by the number of levels of this place that you have seen.
                   A       B       C       D       E      F
               +-------+-------+-------+-------+-------+----------------------
         Total | 100.0 | 100.0 |  -nan |  -nan | 100.0 | 136.8
       Dungeon | 100.0 | 100.0 |  -nan |  -nan | 100.0 | 136.8
               +-------+-------+-------+-------+-------+----------------------
